 Dungeon Crawl Stone Soup version 0.15.1-1-gfacfea3 (webtiles) character file.

37 Johnny the Chiller (level 3, -3/28 HPs)
             Began as a Demigod Ice Elementalist on Sept 25, 2014.
             Killed from afar by Sigmund (7 damage)
             ... with a magic dart
             ... on Level 2 of the Dungeon.
             The game lasted 00:03:18 (1322 turns).

Johnny the Chiller (Demigod Ice Elementalist)       Turns: 1322, Time: 00:03:18

HP  -3/28        AC  5     Str 11      XL: 3   Next:  7%
MP   1/8         EV  9     Int 19      God:
Gold 124         SH  0     Dex 16      Spells:  1 memorised,  5 levels left

rFire  + . .     SeeInvis .     i - +1 short sword (drain)
rCold  . . .     Clarity  .     f - +0 ring mail
rNeg   . . .     rCorr    .     (no shield)
rPois  .         rRot     .     (no helmet)
rElec  .         Spirit   .     (no cloak)
SustAb .         Warding  .     (no gloves)
rMut   .         Stasis   .     (no boots)
Gourm  .                        (no amulet)
MR     .....                    (no ring)
                                (no ring)

@: very slightly contaminated, hasted, very quick, not resistant to hostile
enchantments, very unstealthy
A: deterioration 1, dopey 1, fire resistance 1
a: no special abilities


You were on level 2 of the Dungeon.
You were not hungry.

You visited 1 branch of the dungeon, and saw 2 of its levels.

You collected 124 gold pieces.

Inventory:

Hand weapons
 e - a +0 dagger
 h - a +0 spear
 i - a +1 short sword of draining (weapon)
Armour
 f - a +0 ring mail (worn)
Comestibles
 c - 3 bread rations
 k - 2 rotting chunks of hobgoblin flesh
Scrolls
 a - a scroll of immolation {unknown}
 g - 2 scrolls of identify {unknown}
 l - a scroll of enchant weapon {unknown}
Potions
 m - a potion of haste
Books
 b - a book of Frost

   Spells                             Type                      Level
   *Freeze                            Ice                          1
   Throw Frost                        Conjuration/Ice              2
   Ozocubu's Armour                   Charms/Ice                   3
   Throw Icicle                       Conjuration/Ice              4
   Summon Ice Beast                   Ice/Summoning                4
   Condensation Shield                Ice                          4


   Skills:
 + Level 1.0 Fighting
 + Level 2.0 Dodging
 + Level 1.9 Stealth
 * Level 2.3 Spellcasting
   Level 0.8 Conjurations
 * Level 3.0 Ice Magic


You had 5 spell levels left.
You knew the following spells:

 Your Spells              Type           Power        Failure   Level  Hunger
a - Freeze                Ice            ##..         10%         1    #......


Dungeon Overview and Level Annotations

Branches:
Dungeon (2/15)

Annotations:
D:2 Sigmund


Innate Abilities, Weirdness & Mutations

Your body is slowly deteriorating.
You are dopey. (Int -2)
Your flesh is heat resistant.


Message History

Press: ? - help, Shift-Dir - straight line You freeze something.
Casting: Freeze
Confirm with . or Enter, or press ? or * to list all spells.
Aiming: Freeze
Press: ? - help, Shift-Dir - straight line You freeze something.
Casting: Freeze
Confirm with . or Enter, or press ? or * to list all spells.
Aiming: Freeze
Press: ? - help, Shift-Dir - straight line You freeze something.
Casting: Freeze
Confirm with . or Enter, or press ? or * to list all spells.
Aiming: Freeze
Press: ? - help, Shift-Dir - straight line You freeze something.
You hear some strange, mumbled words.
The magic dart hits you!
You die...

.# #.......## ...
........... #.#
#.......## #.# #.......##
#.# #.......## #.#
######### ...#######.###
# )............####### #
.......{@....#.....# #
.............#.....######
............'...........
######......#.....#####.
#......#.....# #.
########.....# #. #.....#
#. ####### #. . #%


There were no monsters in sight!

Vanquished Creatures
  An adder (D:2)
  4 giant cockroaches (D:1)
  2 goblins (D:1)
  4 hobgoblins
  3 jackals (D:2)
  3 kobolds
  A quokka (D:2)
  3 bats
  3 rats
24 creatures vanquished.

Notes
Turn   | Place    | Note
--------------------------------------------------------------
     0 | D:1      | Johnny, the Demigod Ice Elementalist, began the quest for the Orb.
     0 | D:1      | Reached XP level 1. HP: 14/14 MP: 3/3
   420 | D:1      | Reached XP level 2. HP: 8/22 MP: 5/5
  1042 | D:2      | Reached skill level 1 in Fighting
  1042 | D:2      | Reached skill level 3 in Ice Magic
  1042 | D:2      | Reached XP level 3. HP: 9/28 MP: 1/8
  1299 | D:2      | Noticed Sigmund
  1313 | D:2      | Gained mutation: Your flesh is heat resistant. [potion of mutation]
  1313 | D:2      | Gained mutation: You are dopey. (Int -2) [potion of mutation]
  1313 | D:2      | Gained mutation: Your body is slowly deteriorating. [potion of mutation]
  1313 | D:2      | HP: 1/28 [something (4)]
  1322 | D:2      | Killed from afar by Sigmund

Action                   || total
-------------------------++-------
Melee: Dagger            ||    28
       Unarmed           ||     6
       Short sword       ||    30
       Spear             ||    13
 Cast: Freeze            ||    19
  Use: Potion            ||     3
  Eat: Chunk             ||     1
